cohdb
Replays
Latest Replays
All Replays
Popular Replays
Top Player Replays
Match Explorer
How It Works
Community
CoH3 Stats
Reddit
Sign in to upload your games and track your stats! →
Sign in with Steam
Match 19697367
Unlisted
Match 19697367
Overview
Messages
Build Orders
End
Pioneer Squad
Construct Infanterie Kompanie
MG 42 Machine Gun Team
Grenadier Squad
Grenadier Squad
Medical Station
Infanterie Officer Quarters
Construct Panzergrenadier Kompanie
Grenadier Squad
Pak 40 Anti-tank Gun Team
Pak 40 Anti-tank Gun Team
Grenadier Squad
Pioneer Squad
AI Takeover
Mantis Mantis
Robbenklopper
NoMaam
Hoze
TriggerConroy
Redback
kerem
Smeagol
0
0
Comments
sign in to comment!
No comments posted yet!